 Dungeon Crawl Stone Soup version 0.28.0-43-g3370ac3207 (webtiles) character file.

Game seed: 15571905860843635730

11 Jerry the Chucker (level 2, 27/27 HPs)
             Began as a Troll Hunter on Mar 7, 2022.
             Was a Follower of Dithmenos.
             Quit the game on level 1 of the Dungeon.
             The game lasted 00:01:21 (242 turns).

Jerry the Chucker (Troll Hunter)                     Turns: 242, Time: 00:01:23

Health: 27/27      AC:  4    Str: 19    XL:     2   Next: 17%
Magic:  1/1        EV: 10    Int:  7    God:    Dithmenos [*.....]
Gold:   19         SH:  0    Dex: 10    Spells: 1/1 levels left

rFire   . . .      SeeInvis .   (no weapon)
rCold   . . .      Faith    .   (no shield)
rNeg    . . .      Spirit   .   b - +0 robe
rPois   .          Reflect  .   (helmet restricted)
rElec   .          Harm     .   (no cloak)
rCorr   .          Rampage  .   (gloves unavailable)
Will    .....                   (boots unavailable)
Stlth   +.........              (no amulet)
HPRegen 0.89/turn               (no ring)
MPRegen 0.07/turn               (no ring)

@: wreathed by umbra
A: large, unfitting armour, claws 3, regeneration 1, shaggy fur 1, tough skin 1
a: Renounce Religion


You were on level 1 of the Dungeon.
You worshipped Dithmenos.
Dithmenos was aware of your devotion.
You visited 1 branch of the dungeon, and saw 1 of its levels.

You collected 19 gold pieces.

Inventory:

Missiles
 c - 5 large rocks (quivered)
 d - 2 throwing nets
Armour
 b - a +0 robe (worn)
Scrolls
 f - a scroll of identify {unknown}
Potions
 a - a potion of invisibility {unknown}
 e - a potion of lignification {unknown}


   Skills:
 - Level 1.5 Fighting
 + Level 3.8 Throwing
 + Level 1.9 Dodging
 - Level 0.3 Stealth
 + Level 0.9 Unarmed Combat


You had one spell level left.
You didn't know any spells.
Your spell library contained the following spells:

 Spells                   Type           Power      Damage    Failure   Level
 Tukima's Dance           Hex            0%         N/A       80%         3
 Passage of Golubria      Tloc           0%         N/A       99%         4
 Yara's Violent Unravell  Hex/Tmut       0%         3d3       100%        5


Dungeon Overview and Level Annotations

Branches:
Dungeon (1/15)

Altars:
Dithmenos


Innate Abilities, Weirdness & Mutations

You are too large for most types of armour.
You have claws for hands.
Your natural rate of healing is unusually fast.
You are covered in fur. (AC +1)
You have tough skin. (AC +1)


Message History

There are monsters nearby!
You scratch the hobgoblin.
The hobgoblin is severely wounded.
The hobgoblin barely misses you.
There are monsters nearby!
You scratch the hobgoblin but do no damage.
The hobgoblin is severely wounded.
The hobgoblin hits you.
There are monsters nearby!
You barely miss the hobgoblin.
The hobgoblin is severely wounded.
The hobgoblin hits you but does no damage.
There are monsters nearby!
You scratch the hobgoblin.
You kill the hobgoblin!
The kobold hits you but does no damage.
You see here a hobgoblin corpse.
A kobold is nearby!
You scratch the kobold.
The kobold is severely wounded.
The kobold hits you with a +0 short sword.
A kobold is nearby!
You scratch the kobold.
You kill the kobold!
Found a faded altar of an unknown god.
No target in view!
Found a stone staircase leading down.
No target in view!
You now have 9 gold pieces.
You now have 19 gold pieces (gained 10).
You pick up Great Wizards, Vol.
VII and begin reading...
You add the spells Tukima's Dance, Passage of Golubria and Yara's Violent Unravelling to your library.
Found a murky yellow potion.
Found 24 arrows.
There is a faded altar of an unknown god here.
You cannot tell which god this altar belongs to.
Convert to them anyway?
Dithmenos accepts your prayer! Dithmenos welcomes you!
You are shrouded in an aura of darkness!
Are you sure you want to abandon this character and quit the game? (Confirm with "yes".)

........#####..##....
...........######....###
.∩..8..8...##...........
...............########.
...........##..# #..
.∩.....∩..∩##.†# #..
...........##.)# #..
.(.............# #..
♣..8..@..8.##.# #..
............##.#######..
............##.#........
.∩..8..∩..♣.##.#........
##..##.....###.#..>.....
....!......# #..........
#.. .......# ###........
#. ........# #........
#######..


There were no monsters in sight!

Vanquished Creatures
  A dart slug (D:1)
  An endoplasm (D:1)
  A goblin (D:1)
  A hobgoblin (D:1)
  A quokka (D:1)
  2 ball pythons (D:1)
  2 kobolds (D:1)
  A rat (D:1)
10 creatures vanquished.

Notes
Turn   | Place    | Note
-------+----------+-------------------------------------------
     0 | D:1      | Jerry the Troll Hunter began the quest for the Orb.
     0 | D:1      | Reached XP level 1. HP: 19/19 MP: 0/0
    83 | D:1      | Reached XP level 2. HP: 27/27 MP: 1/1
   193 | D:1      | Found a faded altar of an unknown god.
   241 | D:1      | Prayed at the altar of an unknown god.
   241 | D:1      | Became a worshipper of Dithmenos the Shadowed
   241 | D:1      | Reached * piety under Dithmenos
   242 | D:1      | Quit the game

Illustrated notes

Levels and vault maps discovered:
D:1:      minmay_arrival_four_houses, layout_rooms,
          hellmonk_ecumenical_altar_arch_garden

Action                   || total
-------------------------++-------
Melee: Unarmed           ||    27
Armor: Robe              ||     9
Dodge: Dodged            ||    11
